 Dungeon Crawl Stone Soup version 0.28-a0-834-g1a73be5ee4 (webtiles) character file.

Game seed: 10267970769440634058

7 spiderkeys the Skirmisher (level 2, -3/19 HPs)
             Began as a Tengu Abyssal Knight on Nov 11, 2021.
             Was a Follower of Lugonu.
             Slain by a great orb of eyes (15 damage)
             ... on level 3 of the Abyss.
             The game lasted 00:00:36 (156 turns).

spiderkeys the Skirmisher (Tengu Abyssal Knight)     Turns: 156, Time: 00:00:36

Health: -3/19      AC:  3    Str: 13    XL:     2   Next: 4%
Magic:  2/4        EV: 11    Int: 10    God:    Lugonu [*.....]
Gold:   23         SH:  0    Dex: 14    Spells: 1/1 levels left

rFire   . . .      SeeInvis .   a - +1 spear
rCold   . . .      Faith    .   (no shield)
rNeg    . . .      Spirit   .   b - +0 leather armour
rPois   .          Reflect  .   (helmet restricted)
rElec   .          Harm     .   (no cloak)
rCorr   .          Rampage  .   (no gloves)
Will    .....                   (boots unavailable)
Stlth   +.........              (no amulet)
HPRegen 0.06/turn               (no ring)
MPRegen 0.09/turn               (no ring)

@: confused
A: beak, talons 3
a: Renounce Religion, Depart the Abyss


You were on level 3 of the Abyss.
You worshipped Lugonu.
Lugonu was aware of your devotion.
You visited 0 branches of the dungeon, and saw 0 of its levels.
You visited the Abyss 1 time.

You collected 23 gold pieces.


Innate Abilities, Weirdness & Mutations

You have a beak for a mouth.
You have claws for feet.


   Skills:
 + Level 3.1 Fighting
 + Level 2.4 Polearms
 - Level 2.1 Armour
 + Level 1.4 Dodging
 + Level 1.7 Invocations


You had one spell level left.
You didn't know any spells.
Your spell library was empty.

Inventory:

Hand Weapons
 a - a +1 spear (weapon)
Armour
 b - a +0 leather armour (worn)
Potions
 c - a potion of mutation {unknown}
 d - a potion of lignification {unknown}

Dungeon Overview and Level Annotations

Branches:
Dungeon (0/15)

Altars:

. #. .# .#### .#.#
..# ### #.# ..# #
###@##.# .# #.
#..G#..#..##
#..#.##..##.#.#
.......#.#........#
.........#.. .#.#.#
##.....#.......#..
.# ..........#.#. .
..#)# ##...#
..............
#......... . .#..
#.


You could see a great orb of eyes.


Message History

🤖 Initializing magus.rc ... ✅ Successfully initialized magus.rc [v1.9.10] Welcome, spiderkeys the Tengu Abyssal Knight.
Will you prevail where others failed? Will you find the Orb of Zot?
Lugonu says: Depart the Abyss and spread corruption, my servant! (use the ability menu to exit the Abyss) Press ? for a list of commands and other information.
Found a corrupted altar of Lugonu.
Found a gateway leading deeper into the Abyss.
There is a gateway leading deeper into the Abyss here.
Key pressed, stopping explore.
Unknown command.
Found a gateway leading out of the Abyss.
There is a gateway leading deeper into the Abyss here.
You plunge deeper into the Abyss.
Found an emerald potion.
Found a gateway leading deeper into the Abyss.
Found a corrupted altar of Lugonu.
Found a gateway leading deeper into the Abyss.
You see here an emerald potion.
c - an emerald potion The white imp shouts!
You reach to attack!
You hit the white imp. You barely miss the white imp. You claw the white imp.
The white imp gestures at you. The puff of frost misses you.
You hit the white imp. The white imp gestures at you.
The puff of frost hits you!
Ouch! That really hurt!
* * * LOW HITPOINT WARNING * * *
😨 HP[-7]
You take 7 damage, and now have 7/14 hp.
MASSIVE DAMAGE!! (PAUSE)
You hit the white imp.
You kill the white imp!
You have reached level 2! 😨 HP[+2] MP[+1]
You now have 19 max hp (+5).
You regained 2 hp, and now have 9/19 hp.
Your mp is fully restored (4).
There is a gateway leading deeper into the Abyss here. 😮 HP[+1]
There is a gateway leading deeper into the Abyss here.
You plunge deeper into the Abyss.
The abyssal rune of Zot can be found at this depth.
Found a corrupted altar of Lugonu.
d - a yellow potion 😮 HP[+1]
You now have 23 gold pieces.
The great orb of eyes turns its gaze towards you.
The great orb of eyes gazes at you.
You suddenly lose the ability to move!
The great orb of eyes gazes at you.
You feel your power leaking away. The great orb of eyes gazes at you.
You shrug off the repeated paralysis!
You can move again. 😮 HP[+1] MP[-3]
You lost 3 mp, and now have 1/4 mp.
The great orb of eyes gazes at you.
You shrug off the repeated paralysis! 😮 MP[+1]
The great orb of eyes gazes at you.
You are confused.
You bump into the crystal wall.
You bump into the rock wall.
You bump into the stone wall.
The great orb of eyes bites you but does no damage.
You hit the great orb of eyes but do no damage.
You claw the great orb of eyes.
You peck the great orb of eyes, but do no damage.
The great orb of eyes misses you.
You bump into the rock wall.
The great orb of eyes bites you!
Ouch! That really hurt!
You die...

Action                   || total
-------------------------++-------
Melee: Spear             ||     5
       Kick              ||     2
       Peck              ||     1
Armor: Leather armour    ||     1
Dodge: Dodged            ||     2

Levels and vault maps discovered:
Abyss:3:  base: Temple, evilmike_abyss_exit_mutagenic,
          nicolae_abyss_rune_star_stuff, evilmike_abyss_exit_7,
          hangedman_abyss_river_spirits

Notes
Turn   | Place    | Note
-------+----------+-------------------------------------------
     0 | Abyss:1  | spiderkeys the Tengu Abyssal Knight began the quest for the
                  | Orb.
     0 | Abyss:1  | Reached XP level 1. HP: 14/14 MP: 3/3
     0 | Abyss:1  | magus.rc [v1.9.10]
    88 | Abyss:1  | Found a corrupted altar of Lugonu.
    92 | Abyss:2  | Found a corrupted altar of Lugonu.
   103 | Abyss:2  | Reached XP level 2. HP: 9/19 MP: 4/4
   116 | Abyss:3  | Found a corrupted altar of Lugonu.
   136 | Abyss:3  | Noticed a great orb of eyes
   137 | Abyss:3  | Paralysed by a great orb of eyes for 6 turns
   156 | Abyss:3  | Slain by a great orb of eyes

Vanquished Creatures
  A white imp (Abyss:2)
1 creature vanquished.

Table legend:
 A = Non-vault XP
 B = Vault XP
 C = Vault XP percentage of total XP
 D = Non-vault monster count
 E = Vault monster count
 F = Vault count percentage of total count
                 A         B        C        D         E       F
            +---------+---------+-------+---------+---------+-------
      Total |      11 |       0 |   0.0 |       1 |       0 |   0.0
            +---------+---------+-------+---------+---------+-------
    Abyss:2 |      11 |       0 |   0.0 |       1 |       0 |   0.0
            +---------+---------+-------+---------+---------+-------

Illustrated notes

Table legend:
 A = Kills in this place as a percentage of kills in entire the game.
 B = Kills by you in this place as a percentage of kills by you in the entire game.
 C = Kills by friends in this place as a percentage of kills by friends in the entire game.
 D = Other kills in this place as a percentage of other kills in the entire game.
 E = Experience gained in this place as a percentage of experience gained in the entire game.
 F = Experience gained in this place divided by the number of levels of this place that you have seen.
                   A       B       C       D       E      F
               +-------+-------+-------+-------+-------+----------------------
         Total | 100.0 | 100.0 |   N/A |   N/A | 100.0 |   3.7
         Abyss | 100.0 | 100.0 |   N/A |   N/A | 100.0 |   3.7
               +-------+-------+-------+-------+-------+----------------------

Table legend: (Time is in decaauts)
 A = Elapsed time spent in this place.
 B = Non-inter-level travel time spent in this place.
 C = Inter-level travel time spent in this place.
 D = Time resting spent in this place.
 E = Time spent auto-exploring this place.
 F = Levels seen in this place.
 G = Mean time per level.
                   A        B        C        D        E       F      G
               +--------+--------+--------+--------+--------+-----+--------+
         Total |    155 |    155 |      0 |      0 |     40 |   3 |   51.7 |
         Abyss |    155 |    155 |      0 |      0 |     40 |   3 |   51.7 |
               +--------+--------+--------+--------+--------+-----+--------+

Top non-repeatable levels by time:
 Abyss:1: 91 daAuts
 Abyss:3: 39 daAuts
 Abyss:2: 24 daAuts
